 Dungeon Crawl Stone Soup version 0.22.1-2-g9c5b331383 (webtiles) character file.

476 Ihlosi the Skirmisher (level 7, -1/56 HPs)
             Began as a Human Gladiator on Nov 18, 2018.
             Engulfed by an orc wizard's steam (5 damage)
             ... on level 4 of the Dungeon.
             The game lasted 00:11:08 (3443 turns).

Ihlosi the Skirmisher (Human Gladiator)             Turns: 3443, Time: 00:11:09

Health: -1/56      AC: 13    Str: 17 (18) XL:     7   Next: 33%
Magic:  8/8        EV: 13    Int:  7 (8)  God:
Gold:   164        SH:  0    Dex: 13 (16) Spells: 6/7 levels left

rFire    . . .     SeeInvis .   a - +1 long sword (protect)
rCold    + . .     Gourm    .   (no shield)
rNeg     . . .     Faith    .   b - +0 leather armour
rPois    .         Spirit   .   c - +0 helmet
rElec    .         Reflect  .   (no cloak)
rCorr    .         Harm     .   (no gloves)
MR       .....                  s - +1 pair of boots
Stlth    +.........             (no amulet)
HPRegen  0.18/turn              p - ring of protection from cold
MPRegen  0.11/turn              n - +3 ring of strength

@: protection aura, very slow
A: no striking features
a: no special abilities


You were on level 4 of the Dungeon.
You were hungry.

You visited 1 branch of the dungeon, and saw 4 of its levels.

You collected 164 gold pieces.

Inventory:

Hand Weapons
 a - a +1 long sword of protection (weapon)
 q - a +0 hand crossbow
Missiles
 d - 3 throwing nets (quivered)
Armour
 b - a +0 leather armour (worn)
 c - a +0 helmet (worn)
 s - a +1 pair of boots (worn)
Jewellery
 i - an uncursed ring of protection from fire
 n - a +3 ring of strength (right hand)
 o - an uncursed ring of fire
 p - a ring of protection from cold (left hand)
Scrolls
 e - 4 scrolls of identify
 j - a scroll of teleportation
 l - a scroll of enchant weapon
 t - 2 scrolls of noise
Comestibles
 f - 7 rations


   Skills:
 * Level 5.4 Fighting
 + Level 3.5 Long Blades
 * Level 2.0 Crossbows
 - Level 2.0 Throwing
 - Level 3.0 Armour
 - Level 3.0 Dodging
 - Level 1.0 Stealth
 * Level 0.9 Spellcasting
 * Level 0.9 Translocations


You had 6 spell levels left.
You knew the following spells:

 Your Spells              Type           Power        Failure   Level  Hunger
a - Apportation           Tloc           #.....       34%         1    ##.....

Your spell library contained the following spells:

 Spells                   Type           Power        Failure   Level  Hunger
 Animate Skeleton         Necr           N/A          45%         1    ##.....
 Confusing Touch          Hex            #.....       45%         1    ##.....
 Summon Small Mammal      Summ           #...         45%         1    ##.....
 Gell's Gravitas          Tloc           #.........   71%         3    ####...
 Confuse                  Hex            #.......     83%         3    ####...
 Petrify                  Tmut/Erth      #.......     99%         4    #####..
 Metabolic Englaciation   Hex/Ice        #.........   100%        5    ######.
 Yara's Violent Unravell  Hex/Tmut       #.........   100%        5    ######.


Dungeon Overview and Level Annotations

Branches:
Dungeon (4/15)
 Temple: D:4-7

Altars:
Nemelex Xobeh
Zin


Message History

Unknown command.
The orc priest shouts!
You hit the river rat but do no damage.
The river rat is almost dead.
You hear some strange, mumbled words.
A magic dart appears from out of thin air!
The magic dart hits you! The orc wizard casts a spell at you.
The magic dart hits something.
The river rat misses you.
Your unstable footing causes you to fumble your attack.
You hear some strange, mumbled words.
A puff of flame appears from out of thin air!
The puff of flame hits you! The river rat barely misses you.
The orc complains loudly.
The orc priest miscasts a cantrip.
Unknown command.
You hit the river rat but do no damage.
The river rat is almost dead.
You are engulfed in a cloud of scalding steam.
You die...

##### #####...#
#≈@≈#...# ## #r#{#≈..#
##.# #≈#o#r..# #####..#
≈≈#ro≈≈.## .......#
##≈#o#s...# .......#
≈≈#w≈≈o..# .......#
###≈#....# .).....#
#≈w≈...#
.......##########≈≈....#


You could see 2 worms, an orc priest, an orc wizard, 2 river rats, 2 orcs and a
giant cockroach.

Vanquished Creatures
  An ogre (D:4)
  A crimson imp (D:3)
  A bullfrog skeleton (D:2)
  An orc priest (D:4)
  2 hounds (D:4)
  3 orc wizards
  A hound skeleton (D:4)
  A howler monkey skeleton (D:3)
  3 adders
  2 oozes
  A worm (D:2)
  4 dart slugs
  4 leopard geckos
  17 orcs
  A ball python (D:1)
  3 bats (D:2)
  2 giant cockroaches
  4 goblins
  3 hobgoblins
  8 kobolds
  4 quokkas
  10 frilled lizards
  6 rats
83 creatures vanquished.

Notes
Turn   | Place    | Note
-------+----------+-------------------------------------------
     0 | D:1      | Ihlosi the Human Gladiator began the quest for the Orb.
     0 | D:1      | Reached XP level 1. HP: 16/16 MP: 1/1
   265 | D:1      | Reached XP level 2. HP: 17/22 MP: 2/2
   352 | D:1      | Reached skill level 1 in Stealth
   731 | D:1      | Reached skill level 1 in Armour
  1122 | D:2      | Reached XP level 3. HP: 26/28 MP: 3/3
  1256 | D:2      | Found a glowing silver altar of Zin.
  1353 | D:2      | Reached skill level 3 in Fighting
  1438 | D:2      | Reached XP level 4. HP: 18/35 MP: 4/4
  2045 | D:3      | Reached XP level 5. HP: 35/41 MP: 5/5
  2718 | D:3      | Found a sparkling altar of Nemelex Xobeh.
  2823 | D:3      | Reached skill level 4 in Fighting
  2849 | D:3      | Reached skill level 1 in Crossbows
  2849 | D:3      | Reached XP level 6. HP: 26/48 MP: 6/6
  3052 | D:3      | Found a sparkling altar of Nemelex Xobeh.
  3228 | D:4      | Learned a level 1 spell: Apportation
  3239 | D:4      | Noticed an ogre
  3253 | D:4      | Killed an ogre
  3253 | D:4      | Reached skill level 5 in Fighting
  3253 | D:4      | Reached XP level 7. HP: 34/56 MP: 7/7
  3443 | D:4      | Engulfed by an orc wizard's steam

Skill      XL: |  1  2  3  4  5  6  7 |
---------------+----------------------+-----
Stealth        | 1 |  1.0
Armour         | 1 2 3 |  3.0
Fighting       | 3 4 5 |  5.4
Crossbows      | 1 2 |  2.0
Long Blades    | |  3.5
Throwing       | |  2.0
Dodging        | |  3.0
Spellcasting   | |  0.9
Translocations | |  0.9

Action                   |  1- 3 |  4- 6 |  7- 9 || total
-------------------------+-------+-------+-------++-------
Melee: Long sword        |    60 |    48 |    36 ||   144
       Quarterstaff      |    30 |   123 |       ||   153
       Dagger            |    14 |       |       ||    14
  Use: Potion            |       |     3 |     1 ||     4
       Scroll            |       |     1 |     6 ||     7
 Stab: Sleeping          |     1 |     2 |       ||     3
  Eat: Chunk             |     2 |     6 |       ||     8
Armor: Leather armour    |    30 |    53 |    43 ||   126
Dodge: Dodged            |    85 |   109 |    63 ||   257
       Rpst.: Long sword |    13 |    12 |    12 ||    37
